 Dungeon Crawl Stone Soup version 0.20-a0-317-gc038824 (webtiles) character file.

13715 Disciple the Severer (level 11, 0/99 HPs)
             Began as a Deep Dwarf Fighter on Dec 20, 2016.
             Was a High Priest of Makhleb.
             Slain by an orc warrior
             ... wielding a +0 glaive
              (27 damage)
             ... on level 12 of the Dungeon.
             The game lasted 00:30:42 (8301 turns).

Disciple the Severer (Deep Dwarf Fighter)           Turns: 8301, Time: 00:30:43

Health: 0/99       AC: 22    Str: 24    XL:     11   Next: 79%
Magic:  9/9        EV:  8    Int:  8    God:    Makhleb [*****.]
Gold:   263        SH:  0    Dex: 12    Spells: 10/10 levels left

rFire  . . .     SeeInvis +     U - +2 battleaxe
rCold  . . .     Gourm    .     p - +0 chain mail
rNeg   . . .     Faith    .     (shield currently unavailable)
rPois  .         Spirit   .     y - +2 helmet
rElec  .         Reflect  .     B - +2 cloak
rCorr  .         Harm     .     (no gloves)
MR     +....                    g - +2 pair of boots
Stlth  ..........               (no amulet)
                                L - +4 ring of protection
                                N - ring of see invisible

@: exhausted, very slightly contaminated, non-regenerating, hasted and slowed
A: damage resistance, recharge devices, sense surroundings 2, slow regeneration
3
a: Device Recharging, Minor Destruction, Lesser Servant of Makhleb, Major
Destruction, Greater Servant of Makhleb, Renounce Religion


You were on level 12 of the Dungeon.
You worshipped Makhleb.
Makhleb was extremely pleased with you.
You were hungry.

You visited 2 branches of the dungeon, and saw 13 of its levels.

You collected 515 gold pieces.
You spent 252 gold pieces at shops.

Inventory:

Hand Weapons
 a - a +0 war axe
 h - a +2 whip of draining
 U - a +2 battleaxe (weapon)
Armour
 c - a +0 shield
 g - a +2 pair of boots (worn)
 p - a +0 chain mail (worn)
 y - a +2 helmet (worn)
 B - a +2 cloak (worn)
Jewellery
 n - an uncursed ring of wizardry
 z - an uncursed amulet of magic regeneration
 L - a +4 ring of protection (right hand)
 N - a ring of see invisible (left hand)
Wands
 e - a wand of heal wounds (1/9)
 S - a wand of flame (11/48)
 T - a wand of paralysis (9/24)
 W - a wand of iceblast (8/15)
 X - a wand of teleportation (6/9)
 Z - a wand of lightning (6/15)
Scrolls
 m - 5 scrolls of remove curse
 q - 3 scrolls of magic mapping
 u - 3 scrolls of blinking
 J - a scroll of enchant armour
 K - 3 scrolls of fear
 M - a scroll of enchant weapon
 Q - 3 scrolls of teleportation
 R - 3 scrolls of amnesia
Potions
 b - a potion of cure mutation
 i - a potion of magic
 j - 2 potions of resistance
 l - 2 potions of flight
 r - 3 potions of ambrosia
 x - a potion of heal wounds
 A - 8 potions of lignification
 C - 3 potions of curing
 D - 2 potions of degeneration {unknown}
 I - 2 potions of berserk rage
Books
 d - a Young Poisoner's Handbook

   Spells                             Type                      Level
   a - Sting                          Conjuration/Poison           1
   b - Mephitic Cloud                 Conjuration/Poison/Air       3
   c - Olgreb's Toxic Radiance        Poison                       4
   d - Alistair's Intoxication        Transmutation/Poison         5
   e - Venom Bolt                     Conjuration/Poison           5
 F - a book of Minor Magic

   Spells                             Type                      Level
   a - Magic Dart                     Conjuration                  1
   b - Blink                          Translocation                2
   c - Call Imp                       Summoning                    2
   d - Repel Missiles                 Charms/Air                   2
   e - Slow                           Hexes                        2
   f - Conjure Flame                  Conjuration/Fire             3
   g - Mephitic Cloud                 Conjuration/Poison/Air       3
 O - a book of Necromancy

   Spells                             Type                      Level
   a - Pain                           Necromancy                   1
   b - Animate Skeleton               Necromancy                   1
   c - Vampiric Draining              Necromancy                   3
   d - Regeneration                   Charms/Necromancy            3
   e - Animate Dead                   Necromancy                   4
   f - Control Undead                 Necromancy                   4
Comestibles
 f - 5 bread rations
 o - 6 chunks of flesh
 t - 5 meat rations
 v - 6 beef jerkies
 H - 2 fruits
 P - 2 slices of pizza


   Skills:
 - Level 6.7 Fighting
 + Level 18.1 Axes
 - Level 3.2 Armour
 - Level 3.2 Shields


You had 10 spell levels left.
You didn't know any spells.

Dungeon Overview and Level Annotations

Branches:
Dungeon (12/15)            Temple (1/1) D:4            Lair (0/6) D:11
    Orc (0/2) D:12

Altars:
Ashenzari
Cheibriados
Dithmenos
Elyvilon
Fedhas
Gozag
Hepliaklqana
Kikubaaqudgha
Makhleb
Nemelex Xobeh
Okawaru
Qazlal
Ru
Trog
Uskayaw
Vehumet
Xom
Yredelemnul
Zin
The Shining One

Shops:
D:9 ?

Annotations:
D:12 Josephine, Maurice


Innate Abilities, Weirdness & Mutations

You are resistant to damage.
You can recharge devices by infusing magical energy.
You passively map the area around you.
You do not regenerate.


Message History

Maurice is heavily wounded.
You hit the wraith but do no damage. You slash Josephine!
You feel sick. Maurice hits you but does no damage.
Josephine hits you but does no damage.
You are more poisoned.
The orc closely misses you. The wraith hits you but does no damage.
Unknown command.
You feel better.
Maurice gestures wildly while chanting.
Maurice flickers and vanishes for a moment.
The orc warrior hits you but does no damage.
Josephine is infused with unholy energy.
* * * LOW HITPOINT WARNING * * *
Josephine draws life force from you and is healed!
Maurice hits you but does no damage. The wraith closely misses you.
The orc barely misses you.
You barely miss Josephine.
Josephine is severely wounded.
You hit the wraith. You miss Maurice. Maurice barely misses you.
The orc warrior hits you from afar with a glaive!!
You die...

,∩ , , ......# ......# ,
......# , * #.....# * ,
,WW....# * #oo...# #@W...#
#@)...#
*################(@...###*
* *
.......(........(....o.. ,
................(.......,
..............(.()......,
,
,......†))...............
, $......<)...(.....?.....
, ......).†...............
, ,
........................
,,


You could see Josephine, Maurice (invisible), 3 wraiths, an orc warrior and 2
orcs.

Vanquished Creatures
  Erica (D:8)
  2 two-headed ogres
  The ghost of brahma the Severer, a novice MiFi of the Shining One (D:10)
  An unseen horror (D:10)
  Pikel (D:6)
  An orc knight (D:12)
  The ghost of crawlcharacter the Cleaver, a novice MiBe of Trog (D:6)
  Psyche (D:12)
  3 trolls
  Grinder (D:5)
  2 hippogriffs
  5 yaks (D:10)
  A wraith (D:12)
  The ghost of Deathtrap2010 the Poker, an amateur MiMo (D:5)
  2 hungry ghosts
  2 vampire mosquitoes (D:12)
  2 water moccasins
  2 hell hounds (D:11)
  2 phantoms (D:9)
  5 ice beasts
  2 slaves (D:6)
  An orc warrior (D:12)
  A black bear (D:6)
  2 necrophages (D:11)
  3 ogres
  9 centaurs
  2 crocodiles
  2 big kobolds
  A gnoll sergeant (D:6)
  A wyvern zombie (D:11)
  3 bullfrogs
  7 scorpions
  9 killer bees
  4 wights (D:8)
  8 crimson imps
  3 centaur zombies
  A jelly (D:7)
  2 bullfrog skeletons
  3 bullfrog zombies
  10 orc wizards
  4 orc priests
  4 centaur skeletons
  3 hounds
  Natasha (thrice) (D:2)
  2 worker ants
  2 hound zombies
  A mummy (D:11)
  2 worker ant zombies
  Robin (D:2)
  24 gnolls
  15 adders
  3 shadow imps
  An adder skeleton (D:9)
  4 worms
  2 dart slugs
  4 leopard geckos
  32 orcs
  19 bats
  A bat zombie (D:7)
  6 giant cockroaches
  12 hobgoblins
  14 jackals
  5 quokkas
  A ball python (D:3)
  2 frilled lizards
  22 goblins
  A jackal skeleton (D:4)
  A jackal zombie (D:6)
  22 kobolds
  A quokka skeleton (D:5)
  A quokka zombie (D:7)
  6 rats (D:1)
  2 rat zombies (D:7)
334 creatures vanquished.

Vanquished Creatures (others)
  An iguana (D:6)
1 creature vanquished.

Grand Total: 335 creatures vanquished

Notes
Turn   | Place    | Note
-------+----------+-------------------------------------------
     0 | D:1      | Disciple the Deep Dwarf Fighter began the quest for the Orb.
     0 | D:1      | Reached XP level 1. HP: 20/20 MP: 1/1
   138 | D:1      | Reached skill level 3 in Axes
   138 | D:1      | Reached XP level 2. HP: 25/27 MP: 2/2
   422 | D:1      | Reached XP level 3. HP: 31/33 MP: 3/3
   521 | D:2      | Reached skill level 4 in Axes
   571 | D:2      | Found a sparkling altar of Nemelex Xobeh.
   723 | D:2      | Noticed Natasha
   730 | D:2      | Killed Natasha
   730 | D:2      | Reached skill level 5 in Axes
   730 | D:2      | Reached XP level 4. HP: 27/40 MP: 4/4
   938 | D:2      | Found a hazy altar of Hepliaklqana.
   946 | D:2      | Noticed Natasha
   951 | D:2      | Reached XP level 5. HP: 25/46 MP: 5/5
   985 | D:2      | Reached skill level 6 in Axes
  1013 | D:2      | Noticed Robin
  1029 | D:2      | Killed Robin
  1071 | D:2      | Killed Natasha
  1246 | D:2      | Noticed Natasha
  1249 | D:2      | Killed Natasha
  1264 | D:2      | Reached skill level 7 in Axes
  1264 | D:2      | Reached XP level 6. HP: 51/55 MP: 6/6
  1317 | D:2      | Found a stormy altar of Qazlal.
  2031 | D:4      | Found a staircase to the Ecumenical Temple.
  2039 | Temple   | Entered the Ecumenical Temple
  2079 | Temple   | Became a worshipper of Makhleb the Destroyer
  2381 | D:4      | Reached skill level 8 in Axes
  2725 | D:4      | Found a shimmering altar of Xom.
  2791 | D:4      | Found a radiant altar of Vehumet.
  3000 | D:4      | Reached XP level 7. HP: 39/61 MP: 7/7
  3382 | D:5      | Entered Level 5 of the Dungeon
  3399 | D:5      | Noticed Grinder
  3453 | D:5      | Killed Grinder
  3453 | D:5      | Reached skill level 9 in Axes
  3492 | D:5      | Found a shattered altar of Ashenzari.
  3495 | D:5      | Reached skill level 10 in Axes
  3537 | D:5      | Found a white marble altar of Elyvilon.
  3550 | D:5      | Noticed Deathtrap2010's ghost (amateur MiMo)
  3564 | D:5      | Killed Deathtrap2010's ghost
  3564 | D:5      | Reached XP level 8. HP: 30/68 MP: 5/8
  3568 | D:5      | Found a basalt altar of Yredelemnul.
  3576 | D:5      | Found an iron altar of Okawaru.
  3866 | D:5      | Reached * piety under Makhleb
  3886 | D:5      | Reached skill level 11 in Axes
  4380 | D:6      | Noticed crawlcharacter's ghost (novice MiBe)
  4517 | D:6      | Found an opulent altar of Gozag.
  4600 | D:6      | Noticed Pikel
  4617 | D:6      | Killed Pikel
  4617 | D:6      | Reached skill level 12 in Axes
  4617 | D:6      | Gained mutation: You passively map the area around you. [Deep Dwarf growth]
  4617 | D:6      | Reached XP level 9. HP: 57/78 MP: 8/8
  4718 | D:6      | Killed crawlcharacter's ghost
  4718 | D:6      | Reached skill level 5 in Fighting
  4780 | D:6      | Found a glowing silver altar of Zin.
  4814 | D:6      | Reached ** piety under Makhleb
  4905 | D:6      | Reached skill level 13 in Axes
  5393 | D:7      | Found a hide-covered altar of Uskayaw.
  5452 | D:7      | Found an ancient bone altar of Kikubaaqudgha.
  5589 | D:8      | Reached *** piety under Makhleb
  5713 | D:8      | Reached XP level 10. HP: 71/92 MP: 8/8
  5802 | D:8      | Noticed Erica
  5814 | D:8      | Killed Erica
  5814 | D:8      | Reached skill level 14 in Axes
  5923 | D:8      | Found a glowing golden altar of the Shining One.
  6417 | D:9      | Found Fejuedar's Magic Scroll Boutique.
  6429 | D:9      | Bought a scroll of enchant armour for 105 gold pieces
  6429 | D:9      | Bought a scroll of teleportation for 42 gold pieces
  6429 | D:9      | Bought a scroll of enchant armour for 105 gold pieces
  6592 | D:10     | Entered Level 10 of the Dungeon
  6678 | D:10     | Reached skill level 15 in Axes
  6787 | D:10     | Noticed an unseen horror
  6789 | D:10     | Reached **** piety under Makhleb
  6798 | D:10     | Killed an unseen horror
  6846 | D:10     | Noticed a two-headed ogre
  6856 | D:10     | Killed a two-headed ogre
  6951 | D:10     | Noticed brahma's ghost (novice MiFi)
  6964 | D:10     | Killed brahma's ghost
  6964 | D:10     | Reached skill level 16 in Axes
  6964 | D:10     | Reached XP level 11. HP: 74/99 MP: 9/9
  7547 | D:11     | Found a staircase to the Lair.
  7602 | D:11     | Reached skill level 17 in Axes
  8016 | D:11     | Reached ***** piety under Makhleb
  8025 | D:11     | Noticed a two-headed ogre
  8034 | D:11     | Killed a two-headed ogre
  8258 | D:12     | Noticed Psyche
  8267 | D:12     | Killed Psyche
  8269 | D:12     | Noticed an orc knight
  8277 | D:12     | Noticed Maurice
  8282 | D:12     | Noticed Josephine
  8287 | D:12     | Reached skill level 18 in Axes
  8293 | D:12     | Killed an orc knight
  8301 | D:12     | Slain by an orc warrior

Vault maps used:
D:1:      dpeg_arrival_fog, hangedman_decor_push
D:2:      nicolae_overflow_hidden_temple, nemelex_xobeh_ov_fountains_minmay,
          old_standard_altar, hangedman_decor_riveting, uniq_robin, uniq_natasha
D:4:      vehumet_crystals, first_bread, minmay_misc_feat_roman, led_xom_imps
D:5:      grunt_temple_overflow_open, evilmike_ruin_ashenzari, uniq_grinder
D:6:      old_forge, grunt_gozag_statues, zin_treasury, tgw_sif, uniq_pikel
D:7:      kennysheep_little_box, lemuel_zombie_altar_kikubaaqudgha
D:8:      tso_altar, uniq_erica
D:9:      serial_shops, nicolae_shop_temple_entry_statues_fountains
D:11:     minmay_lair_entry_lava, serial_undead, serial_undead_c,
          serial_undead_c, serial_undead_c, serial_undead_b
D:12:     orc_david_3, uniq_snorg, uniq_fannar, uniq_psyche, uniq_josephine,
          uniq_erolcha, uniq_maurice
Temple:   jpeg_temple_island

Skill      XL: |  1  2  3  4  5  6  7  8  9 10 11 |
---------------+----------------------------------+-----
Axes           | 3 5 7 8 10 12 13 16 18 | 18.1
Fighting       | 4 6 |  6.7
Armour         | |  3.2
Shields        | |  3.2

Action                   |  1- 3 |  4- 6 |  7- 9 | 10-12 || total
-------------------------+-------+-------+-------+-------++-------
Melee: Whip              |   124 |   246 |   348 |   195 ||   913
       War axe           |     3 |       |   199 |     8 ||   210
       Battleaxe         |       |       |       |   276 ||   276
 Abil: Device Recharging |       |       |     2 |       ||     2
Evoke: Wand              |       |     2 |     5 |     6 ||    13
  Use: Scroll            |       |     5 |     1 |    19 ||    25
       Potion            |       |       |     1 |     3 ||     4
  Eat: Chunk             |       |     7 |    10 |    10 ||    27
Armor: Scale mail        |     6 |       |       |       ||     6
       Chain mail        |    42 |   100 |   263 |   316 ||   721
Dodge: Dodged            |    22 |    41 |   102 |   178 ||   343
Block: Shield            |    53 |    99 |   250 |     3 ||   405
